 Dungeon Sprint DCSS version 0.30-a0-475-g03497ec522 (webtiles) character file.

Game seed: 7263927712282494935

438 rocky1 the Carver (level 7, -1/57 HPs)
             Began as a Merfolk Gladiator on Dec 20, 2022.
             Was an Initiate of Gozag.
             Slain by a sun demon (11 damage)
             ... summoned by a kobold demonologist
             ... in the Dungeon (Sprint III: "The Ten Rune Challenge").
             The game lasted 00:02:37 (863 turns).

rocky1 the Carver (Merfolk Gladiator)                Turns: 863, Time: 00:02:38

Health: -1/57      AC:  4    Str: 15    XL:     7   Next: 1%
Magic:  7/7        EV: 15    Int:  7    God:    Gozag
Gold:   125        SH:  0    Dex: 17    Spells: 6/6 levels left

rFire   . . .      SeeInvis .    a - +0 long sword
rCold   . . .      Faith    .    (no shield)
rNeg    . . .      Spirit   .    b - +0 leather armour
rPois   .          Reflect  .    c - +0 helmet
rElec   .          Harm     .    (no cloak)
rCorr   .          Rampage  .    (no gloves)
Will    .....      NoTele   +    (no boots)
Stlth   +.........               (no amulet)
HPRegen 0.29/turn                (no ring)
MPRegen 0.10/turn                (no ring)

@: no status effects
A: (nimble swimmer 2), mertail
a: Renounce Religion, Potion Petition, Call Merchant, Bribe Branch


You were in the Dungeon.
You worshipped Gozag.
Gozag was aware of your devotion.
You visited 1 branch You collected 125 gold pieces.

Inventory:

Hand Weapons
 a - a +0 long sword (weapon)
 r - a +4 dagger of draining
Missiles
 d - a throwing net (quivered)
 e - a javelin
Armour
 b - a +0 leather armour (worn)
 c - a +0 helmet (worn)
Wands
 j - a wand of mindburst (8)
Scrolls
 k - a scroll of blinking
 l - a scroll of poison
 n - 2 scrolls of immolation
 o - a scroll of identify
Potions
 f - a potion of curing
 g - a potion of heal wounds
 h - a potion of haste
 i - 2 potions of magic
 m - 6 potions of mutation
 p - 2 potions of flight
 q - a potion of resistance


   Skills:
 + Level 5.7 Fighting
 + Level 14.2 Long Blades
 - Level 2.0 Throwing
 + Level 3.4 Armour
 + Level 7.5 Dodging
 + Level 0.0 Stealth
 + Level 0.0 Evocations


You had 6 spell levels left.
You didn't know any spells.
Your spell library was empty.

Dungeon Overview and Level Annotations

Branches:
Dungeon (1/1)

Altars:
Cheibriados
Dithmenos
Fedhas
Gozag
Hepliaklqana
Kikubaaqudgha
Makhleb
Nemelex Xobeh
Qazlal
Ru
Sif Muna
Vehumet
Xom
Yredelemnul
Jiyva
Lugonu


Innate Abilities, Weirdness & Mutations

((You are very nimble when in or above water. (Stealth+, EV+, Speed+++)))
Your lower body shifts to a powerful aquatic tail in water.


Message History

The kobold demonologist looks braver for a moment.
You hit the kobold demonologist but do no damage.
The kobold demonologist is heavily wounded.
The white imp gestures at you. The puff of frost hits you.
You hit the kobold demonologist.
The kobold demonologist is almost dead.
The kobold demonologist barely misses you.
The white imp gestures at you. The puff of frost hits you!
You closely miss the kobold demonologist.
The kobold demonologist is almost dead.
The wizard casts a spell at you.
The kobold demonologist completely misses you.
The white imp hits you but does no damage.
Unknown command.
You barely miss the kobold demonologist.
The kobold demonologist is almost dead.
The kobold demonologist casts a spell.
You barely miss the kobold demonologist.
The kobold demonologist is almost dead.
The white imp gestures at you. The puff of frost misses you.
Unknown command.
You hit the kobold demonologist but do no damage.
The kobold demonologist is almost dead.
The sun demon misses you. The kobold demonologist misses you.
The white imp hits you. The white imp freezes you.
You barely miss the kobold demonologist.
The kobold demonologist is almost dead.
The sun demon barely misses you.
The kobold demonologist gestures wildly while chanting.
The wizard closely misses you.
You hit the kobold demonologist but do no damage.
The kobold demonologist is almost dead.
The white imp hits you. The white imp freezes you. The sun demon hits you!!
* * * LOW HITPOINT WARNING * * *
You are engulfed in flames!
You die...
Your body crumbles into a pile of gold.

.#......#####..# #__#$$ $
##.......#..#..# #[_#
.##.##...#..#..###+#+###'##
.##.###..##'#..#..........#$
####.##..###...'.⌠........#
$$ $
##..##..####...#...######'#$$
$ ....##..###....#.⌠.#__#...#
#..##..)##.....#p3.#v_#...#
†.##...†#......#@###__#...#
.###..##.#.....#K54#__#...+
.# #.. ####....#___#__+...#
▓▓ ▓▓▓ ▓▓▓▓▓▓▓▓▓▓▓▓▓▓▓▓▓ $


You could see a sun demon (summoned), a hellwing (summoned), a wizard, a kobold
demonologist and a white imp (summoned).

Vanquished Creatures
  A shadow (D)
  A necrophage (D)
  A scorpion (D)
  A water elemental (D)
  A jelly (D)
  Jessica (D)
  A necromancer (D)
  A human (D)
  3 rats (D)
11 creatures vanquished.

Notes
Turn   | Place    | Note
-------+----------+-------------------------------------------
     0 | D        | rocky1 the Merfolk Gladiator began the quest for the Orb.
     0 | D        | Reached XP level 1. HP: 16/16 MP: 1/1
    10 | D        | Reached skill level 4 in Long Blades
    30 | D        | Noticed Jessica
    41 | D        | Killed Jessica
    42 | D        | Reached skill level 8 in Long Blades
    42 | D        | Reached XP level 2. HP: 2/22 MP: 2/2
    42 | D        | Reached XP level 3. HP: 2/27 MP: 3/3
   152 | D        | Noticed a scorpion
   163 | D        | Reached skill level 9 in Long Blades
   171 | D        | Killed a scorpion
   172 | D        | Reached skill level 11 in Long Blades
   172 | D        | Reached XP level 4. HP: 33/33 MP: 4/4
   198 | D        | Noticed a water elemental
   204 | D        | Killed a water elemental
   205 | D        | Reached skill level 13 in Long Blades
   205 | D        | Reached XP level 5. HP: 38/38 MP: 5/5
   377 | D        | Reached skill level 1 in Armour
   488 | D        | Noticed a shadow
   496 | D        | Killed a shadow
   497 | D        | Reached skill level 5 in Fighting
   497 | D        | Reached XP level 6. HP: 25/51 MP: 6/6
   595 | D        | Found a blossoming altar of Fedhas.
   595 | D        | Found a stormy altar of Qazlal.
   595 | D        | Found a snail-covered altar of Cheibriados.
   595 | D        | Found a burning altar of Makhleb.
   595 | D        | Found a shimmering altar of Xom.
   595 | D        | Noticed a spatial vortex
   596 | D        | Found a hazy altar of Hepliaklqana.
   596 | D        | Found an opulent altar of Gozag.
   596 | D        | Found a sparkling altar of Nemelex Xobeh.
   596 | D        | Found a corrupted altar of Lugonu.
   596 | D        | Found a viscous altar of Jiyva.
   600 | D        | Became a worshipper of Gozag Ym Sagoz the Greedy
   735 | D        | Found a basalt altar of Yredelemnul.
   735 | D        | Found a shadowy altar of Dithmenos.
   735 | D        | Found a sacrificial altar of Ru.
   742 | D        | Reached skill level 14 in Long Blades
   748 | D        | Reached XP level 7. HP: 34/57 MP: 7/7
   844 | D        | Found a radiant altar of Vehumet.
   844 | D        | Found a shimmering blue altar of Sif Muna.
   844 | D        | Found an ancient bone altar of Kikubaaqudgha.
   860 | D        | Noticed a sun demon
   863 | D        | Noticed a hellwing
   863 | D        | Slain by a sun demon

Illustrated notes

Levels and vault maps discovered:
D:        dungeon_sprint_mu [sprint_mu_entry_cave, sprint_mu_temple_rooms,
          sprint_mu_d1_spiders, sprint_mu_d2_genie, sprint_mu_d3_branching,
          sprint_mu_orc_legion, sprint_mu_elf_gauntlet, sprint_mu_hive_nellie,
          sprint_mu_lair_fedhas, sprint_mu_vaults_butterflies,
          sprint_mu_slime_circle, sprint_mu_swamp_cave, sprint_mu_shoals_kraken,
          sprint_mu_blade_basic, sprint_mu_crypt_lich, sprint_mu_tomb_spiral,
          sprint_mu_vestibule_basic, sprint_mu_gehenna_hellfire,
          sprint_mu_dis_giant, sprint_mu_tartarus_statrot,
          sprint_mu_cocytus_islands, sprint_mu_zot1]

Skill      XL: |  1  2  3  4  5  6 |
---------------+-------------------+-----
Long Blades    | 8 11 13 14 | 14.2
Fighting       | 5 |  5.7
Armour         | 2 3 |  3.4
Dodging        | 6 7 |  7.5
Throwing       | |  2.0

Action                   |  1- 3 |  4- 6 |  7- 9 || total
-------------------------+-------+-------+-------++-------
Melee: Long sword        |    17 |    28 |    18 ||    63
Throw: Throwing net      |     3 |       |       ||     3
  Use: Potion            |       |     1 |       ||     1
       Scroll            |       |     3 |       ||     3
 Stab: Sleeping          |     1 |       |       ||     1
       Held in net/web   |     2 |       |       ||     2
Armor: Leather armour    |     2 |     1 |     1 ||     4
Dodge: Dodged            |     5 |     8 |    12 ||    25

Table legend: (Time is in decaauts)
 A = Elapsed time spent in this place.
 B = Non-inter-level travel time spent in this place.
 C = Inter-level travel time spent in this place.
 D = Time resting spent in this place.
 E = Time spent auto-exploring this place.
 F = Levels seen in this place.
 G = Mean time per level.
                   A        B        C        D        E       F      G
               +--------+--------+--------+--------+--------+-----+--------+
         Total |    864 |    864 |      0 |    651 |     11 |   1 |  864.0 |
       Dungeon |    864 |    864 |      0 |    651 |     11 |   1 |  864.0 |
               +--------+--------+--------+--------+--------+-----+--------+

Top non-repeatable levels by time:
       D: 864 daAuts
